 Dungeon Crawl Stone Soup version 0.23.2-33-g5129a83184 (webtiles) character file.

Game seed: 10906336895277056856

369 funkygono the Cudgeler (level 6, -3/48 HPs)
             Began as a Demonspawn Chaos Knight on July 9, 2019.
             Was a Plaything of Xom.
             Killed by divine providence
             ... invoked by an orc priest
              (14 damage)
             ... on level 4 of the Dungeon.
             The game lasted 00:06:47 (3008 turns).

funkygono the Cudgeler (Demonspawn Chaos Knight)    Turns: 3008, Time: 00:06:48

Health: -3/48      AC:  7    Str: 13    XL:     6   Next: 41%
Magic:  6/6        EV: 14    Int: 17    God:    Xom [.*....]
Gold:   242        SH:  0    Dex: 13    Spells: 5/5 levels left

rFire    x . .     SeeInvis .   a - +1 mace (chaos)
rCold    + + .     Gourm    .   (no shield)
rNeg     + . .     Faith    .   b - +2 leather armour
rPois    .         Spirit   .   (helmet restricted)
rElec    .         Reflect  .   (no cloak)
rCorr    .         Harm     .   g - +1 pair of gloves
MR       .....                  (no boots)
Stlth    ++........             (no amulet)
HPRegen  0.16/turn              i - ring of protection from cold
MPRegen  0.10/turn              o - ring "Ulewkoso" {Ice *Drain rN+ Int+3}

@: no status effects
A: horns 1, repulsion field 1, powered by death 1
a: Renounce Religion


You were on level 4 of the Dungeon.
You worshipped Xom.
You were a plaything of Xom.
You were not hungry.

You visited 1 branch of the dungeon, and saw 4 of its levels.

You collected 242 gold pieces.

Inventory:

Hand Weapons
 a - a +1 mace of chaos (weapon)
Missiles
 j - 144 stones (quivered)
Armour
 b - a +2 leather armour (worn)
 g - a +1 pair of gloves (worn)
 n - a +0 chain mail
Jewellery
 d - an uncursed amulet of guardian spirit {unknown}
 i - a ring of protection from cold (left hand)
 o - the ring "Ulewkoso" (right hand) {Ice *Drain rN+ Int+3}
   (Xom gifted it to you on level 3 of the Dungeon)

   [ring of ice]

   It enhances your ice magic.
   It affects your intelligence (+3).
   It makes you vulnerable to fire.
   It protects you from cold.
   It protects you from negative energy.
   It causes draining when unequipped.
Wands
 h - a wand of polymorph (4)
 m - a wand of disintegration (14)
Scrolls
 e - 2 scrolls of identify
 q - 2 scrolls of blinking {unknown}
 r - 2 scrolls of teleportation
Potions
 f - a potion of haste
 k - a potion of cancellation
 l - a potion of brilliance
Comestibles
 c - 8 rations
 p - 5 chunks of flesh


   Skills:
 + Level 4.0 Fighting
 + Level 4.9 Maces & Flails
 + Level 2.6 Armour
 + Level 2.2 Dodging
 + Level 1.7 Stealth


You had 5 spell levels left.
You didn't know any spells.
Your spell library was empty.

Dungeon Overview and Level Annotations

Branches:
Dungeon (4/15)
 Temple: D:4-7

Altars:
Xom
The Shining One

Shops:
D:4 }


Innate Abilities, Weirdness & Mutations

You have a pair of small horns on your head.
You are surrounded by a mild repulsion field. (EV +2)
You regenerate a little health from kills.


Message History

The orc warrior shouts!
You headbutt the orc priest, but do no damage.
The orc priest closely misses you.
The orc priest calls down the wrath of Beogh upon you.
Beogh smites you!
You hit the orc priest but do no damage.
An orc wizard comes into view. It is wielding a +0 dagger.
The orc priest mumbles some strange prayers to Beogh against you.
Pain shoots through your body!
You hit the orc priest but do no damage.
The orc priest is lightly wounded.
The orc priest mumbles some strange prayers to Beogh against you.
Beogh smites you!
* * * LOW HITPOINT WARNING * * *
You completely miss the orc priest.
The orc priest is moderately wounded.
The orc priest calls down the wrath of Beogh upon you.
Beogh smites you!
You die...
Xom howls with laughter!

##..##.# ### #..##.# ..# #..##.#
###### #.# #..##.# .....# #o#
#..##.# ####.# #_# #.>...### #.#
#o# #.#...... #.# #o# #.#.#####
#.# #@# #.#.# #.# #.# #.#.# #.#
#.# #.#.##### #.# #.# #.#.#....
#.# #.# #.#.#.###
####.###########.########.#.#.#
.)##.............##.......#.#.#
#.#################.#######.#.###
#.# #......(.......


You could see an orc warrior, an orc priest and an orc wizard.

Vanquished Creatures
  2 howler monkeys (D:4)
  An orc priest (D:4)
  An orc wizard (D:4)
  3 worker ants (D:4)
  Ijyb (D:3)
  A howler monkey skeleton (D:4)
  6 adders
  2 worms (D:3)
  2 dart slugs (D:2)
  2 leopard geckos
  3 orcs (D:4)
  5 bats
  7 giant cockroaches
  4 goblins
  8 hobgoblins
  4 jackals (D:1)
  A quokka (D:2)
  4 frilled lizards
  6 kobolds
  A leopard gecko skeleton (D:4)
  5 rats
69 creatures vanquished.

Notes
Turn   | Place    | Note
-------+----------+-------------------------------------------
     0 | D:1      | funkygono the Demonspawn Chaos Knight began the quest for
                  | the Orb.
     0 | D:1      | Reached XP level 1. HP: 18/18 MP: 1/1
    79 | D:1      | XOM: harmless Air miscast
   121 | D:1      | Gained mutation: You regenerate a little health from kills.
                  | [demonic ancestry]
   121 | D:1      | Reached XP level 2. HP: 14/24 MP: 2/2
   288 | D:1      | XOM: silly message
   747 | D:2      | XOM: divination: detect items
   753 | D:2      | Reached skill level 1 in Dodging
   753 | D:2      | Gained mutation: You have a pair of small horns on your
                  | head. [demonic ancestry]
   753 | D:2      | Reached XP level 3. HP: 23/29 MP: 3/3
   784 | D:2      | Found a glowing golden altar of the Shining One.
   835 | D:2      | XOM: 1-stop teleportation journey
   860 | D:2      | XOM: god gift: pair of embroidered gloves {god gift}
  1474 | D:2      | XOM: god gift: wand of disintegration (14)
  1642 | D:3      | XOM: 1-stop teleportation journey
  1651 | D:3      | Gained mutation: You are surrounded by a mild repulsion
                  | field. (EV +2) [demonic ancestry]
  1651 | D:3      | Reached XP level 4. HP: 13/35 MP: 4/4
  2058 | D:3      | Noticed Ijyb
  2086 | D:3      | Killed Ijyb
  2164 | D:3      | XOM: god gift: twitching silver ring {god gift}
  2165 | D:3      | Got a twitching silver ring {god gift}
  2166 | D:3      | Identified the ring "Ulewkoso" {Ice *Drain rN+ Int+3} (Xom
                  | gifted it to you on level 3 of the Dungeon)
  2235 | D:3      | XOM: god gift: 15 stones
  2359 | D:4      | XOM: confuse monster(s)
  2366 | D:4      | XOM: mild Hex miscast
  2367 | D:4      | Reached skill level 1 in Stealth
  2367 | D:4      | Reached XP level 5. HP: 34/42 MP: 5/5
  2675 | D:4      | XOM: potion effect (might)
  2677 | D:4      | Reached XP level 6. HP: 41/48 MP: 6/6
  2719 | D:4      | XOM: noise
  2788 | D:4      | Found Inly's Gadget Shop.
  2834 | D:4      | XOM: mild Tmut miscast
  3000 | D:4      | Noticed an orc warrior
  3002 | D:4      | XOM: scenery: create altars
  3008 | D:4      | Killed from afar by an orc priest

Skill      XL: |  1  2  3  4  5  6 |
---------------+-------------------+-----
Maces & Flails | 3 4 |  4.9
Dodging        | 1 2 |  2.2
Armour         | 2 |  2.6
Stealth        | 1 |  1.7
Fighting       | 4 |  4.0

Action                   |  1- 3 |  4- 6 || total
-------------------------+-------+-------++-------
Melee: Mace              |   101 |   110 ||   211
       Headbutt          |     4 |    20 ||    24
  Use: Scroll            |    10 |     3 ||    13
       Potion            |     1 |       ||     1
 Stab: Sleeping          |     2 |       ||     2
       Paralysed         |       |     1 ||     1
       Petrified         |       |     6 ||     6
       Distracted        |       |     1 ||     1
  Eat: Chunk             |     2 |     5 ||     7
Armor: Leather armour    |    34 |    22 ||    56
       Skin              |       |     5 ||     5
Dodge: Dodged            |    70 |    59 ||   129
